 Dungeon Crawl Stone Soup version 0.17-a0-1567-gdd419b1 (webtiles) character file.

30 Chiseanne the Covered (level 3, -4/26 HPs)
             Began as a Demonspawn Wanderer on July 22, 2015.
             Slain by a worm (10 damage)
             ... on level 2 of the Dungeon.
             The game lasted 00:05:41 (1630 turns).

Chiseanne the Covered (Demonspawn Wanderer)         Turns: 1630, Time: 00:05:41

Health: -4/26      AC:  5    Str: 11    XL:     3   Next: 5%
Magic:  3/3        EV: 10    Int: 18    God:
Gold:   36         SH:  4    Dex: 12    Spells: 0 memorised, 2 levels left

rFire  . . .     SeeInvis .     w - +0 hand crossbow
rCold  . . .     Clarity  .     c - +0 ring mail
rNeg   . . .     SustAt   .     q - +1 buckler
rPois  +         Gourm    .     (no helmet)
rElec  .         Spirit   .     (no cloak)
rCorr  .         Warding  .     (no gloves)
rMut   .         Stasis   .     (no boots)
MR     .....                    (no amulet)
Stlth  +++.......               r - +3 ring of intelligence
                                i - ring of poison resistance

@: not resistant to hostile enchantments, fairly stealthy
A: nightstalker 2
a: no special abilities


You were on level 2 of the Dungeon.
You were not hungry.

You visited 1 branch of the dungeon, and saw 2 of its levels.

You collected 36 gold pieces.

Inventory:

Hand weapons
 a - a +0 short sword
 w - a +0 hand crossbow (weapon)
Missiles
 d - 13 bolts (quivered)
 l - 23 arrows
Armour
 c - a +0 ring mail (worn)
 q - a +1 buckler (worn)
Jewellery
 i - a ring of poison resistance (left hand)
 r - a +3 ring of intelligence (right hand)
Magical devices
 e - a wand of random effects (15)
Scrolls
 p - a scroll of fog
Potions
 b - 2 potions of heal wounds
 j - a potion of haste
 n - a potion of beneficial mutation {unknown}
Comestibles
 g - a bread ration
 h - 2 royal jellies


   Skills:
 - Level 1.0 Fighting
   Level 1.0 Bows
 - Level 1.3 Crossbows
 + Level 3.1 Armour
 - Level 1.5 Dodging
 - Level 1.0 Shields
 - Level 1.7 Unarmed Combat
 - Level 1.0 Evocations


You had 2 spell levels left.
You didn't know any spells.

Dungeon Overview and Level Annotations

Branches:
Dungeon (2/15)

Altars:


Innate Abilities, Weirdness & Mutations

You are significantly more attuned to the shadows.


Message History

Aim: a worm You shoot a bolt.
The bolt hits the worm!
The worm is heavily wounded.
Firing (i - inventory):
d - 16 bolts (quivered)
Press: ? - help, Shift-Dir - straight line, f/p - worm
Aim: a worm (heavily wounded)
You shoot a bolt. The bolt hits the worm.
The worm is heavily wounded.
Firing (i - inventory):
d - 15 bolts (quivered)
Press: ? - help, Shift-Dir - straight line, f/p - worm
Aim: a worm (heavily wounded)
You shoot a bolt. The bolt hits the worm!
The worm is severely wounded.
Firing (i - inventory):
d - 14 bolts (quivered)
Press: ? - help, Shift-Dir - straight line, f/p - worm
Aim: a worm (severely wounded)
You shoot a bolt. The bolt hits the worm.
The worm is severely wounded.
The worm bites you!
You die...

..##.##...........[..........###
#.#.###.####.....#####...w..(..#
...## #.# #.....## #######.#.#
>.## #.# ###....###### ###.#.#
..#####.# #..#......# #..(..#
........# ##...####.# #.#.###
#.#####.# ##.## #.###.#.# #.#
#.# #.# #.#..w..# #.# #.#
#@#####.#.###.# #.# #.#
#.w((((.w<# #.# #.# #.#
###.#####.# #.# #. .# #.#
#.....# #.# ###.### #.# .# #.# #
#.# #.#


You could see a worm.

Vanquished Creatures
  A worm (D:2)
  8 bats
  A goblin (D:2)
  3 hobgoblins
  A kobold (D:1)
  8 giant newts
  2 jackals (D:1)
  5 rats (D:1)
29 creatures vanquished.

Notes
Turn   | Place    | Note
--------------------------------------------------------------
     0 | D:1      | Chiseanne the Demonspawn Wanderer began the quest for the Orb.
     0 | D:1      | Chiseanne set off with: a potion of haste, a potion of heal wounds, a +0 hand crossbow, 24 bolts, a wand of random effects (15), a +0 robe, a bread ration
     0 | D:1      | Reached XP level 1. HP: 15/15 MP: 1/1
   348 | D:1      | Reached skill level 1 in Crossbows
   348 | D:1      | Gained mutation: You are slightly more attuned to the shadows. [demonic ancestry]
   348 | D:1      | Reached XP level 2. HP: 19/21 MP: 2/2
  1109 | D:2      | Reached skill level 3 in Armour
  1321 | D:2      | Gained mutation: You are significantly more attuned to the shadows. [demonic ancestry]
  1321 | D:2      | Reached XP level 3. HP: 6/26 MP: 3/3
  1630 | D:2      | Slain by a worm

Vault maps used:
D:1:      noname_arrival_rooms_in_the_neighbourhood, st_stairs_2, minivault_11
D:2:      old_standard_altar

Action                   || total
-------------------------++-------
Melee: Short sword       ||    68
       Whip              ||    15
 Fire: Hand crossbow     ||    43
  Use: Scroll            ||     6
 Stab: Sleeping          ||     2
  Eat: Chunk             ||     2
